 Dungeon Crawl Stone Soup version 0.32-a0-995-gb4a59205af (webtiles) character file.

Game seed: 14982694725678912469

161 javelincjr the Digger (level 5, -2/45 HPs)
             Began as a Troll Earth Elementalist on Apr 22, 2024.
             Slain by a scorpion (6 damage)
             ... on level 3 of the Dungeon.
             The game lasted 00:06:58 (2602 turns).

javelincjr the Digger (Troll Earth Elementalist)    Turns: 2602, Time: 00:06:59

Health: -2/45      AC:  4    Str: 16    XL:     5   Next: 18%
Magic:  1/7        EV:  9    Int: 13    God:
Gold:   150        SH:  0    Dex: 10    Spells: 7/8 levels left

rFire   . . .        (no weapon)
rCold   . . .        (no shield)
rNeg    . . .        a - +0 robe
rPois   .            (helmet restricted)
rElec   .            (no cloak)
rCorr   .            (gloves unavailable)
SInv    .            (boots unavailable)
Will    .....        (no amulet)
Stlth   ++           (no ring)
HPRegen 1.07/turn    (no ring)
MPRegen 0.10/turn

%: no passive effects
@: lethally poisoned (-2 -> -2)
A: large, unfitting armour, claws 3, regeneration 1, shaggy fur 1, tough skin 1
a: no special abilities


You were on level 3 of the Dungeon.
You visited 1 branch of the dungeon, and saw 3 of its levels.

You collected 150 gold pieces.

Inventory:

Armour
 a - a +0 robe (worn)
Wands
 l - a wand of quicksilver (13)
Scrolls
 c - 3 scrolls of identify {unknown}
 d - a scroll of enchant weapon {unknown}
 f - a scroll of teleportation {unknown}
 g - 3 scrolls of amnesia {unknown}
 h - a scroll of revelation {unknown}
Potions
 b - 2 potions of magic
 e - a potion of berserk rage {unknown}
 i - a potion of resistance {unknown}
 j - a potion of cancellation {unknown}
 k - 3 potions of curing {unknown}
 m - a potion of heal wounds {unknown}


   Skills:
 + Level 2.2 Dodging
 + Level 1.5 Stealth
 * Level 2.2 Spellcasting
 + Level 1.5 Conjurations
 + Level 3.2 Earth Magic


You had 7 spell levels left.
You knew the following spells:

 Your Spells              Type           Power      Damage    Failure   Level
a - Sandblast             Erth           18%        2d7       7%          1

Your spell library contained the following spells:

 Spells                   Type           Power      Damage    Failure   Level
 Sting                    Conj/Alch      12%        1d3       19%         1
 Passwall                 Erth           9%         N/A       21%         3
 Apportation              Tloc           2%         N/A       26%         1
 Necrotise                Necr           4%         1d4       26%         1
 Slow                     Hex            4%         N/A       26%         1
 Summon Small Mammal      Summ           4%         N/A       26%         1
 Stone Arrow              Conj/Erth      14%        3d7       28%         3
 Confusing Touch          Hex            1%         N/A       58%         3
 Frozen Ramparts          Ice            2%         1d1       58%         3
 Ozocubu's Armour         Ice            1%         N/A       58%         3
 Vampiric Draining        Necr           1%         2d6       58%         3
 Brom's Barrelling Bould  Conj/Erth      7%         2d3       67%         4
 Petrify                  Alch/Erth      5%         N/A       77%         4
 Metabolic Englaciation   Hex/Ice        0%         N/A       100%        5


Dungeon Overview and Level Annotations

Branches:
Dungeon (3/15)

Altars:
Hepliaklqana


Innate Abilities, Weirdness & Mutations

You are too large for most types of armour.
You have claws for hands.
Your natural rate of healing is unusually fast.
You are covered in fur. (AC +1)
You have tough skin. (AC +1)


Message History

You see here a bat corpse.
There is an open door here.
You can't see any susceptible monsters within range! (Use Z to cast anyway.)
The blast of sand hits the scorpion but does no damage.
The blast of sand hits the scorpion but does no damage.
The blast of sand hits the scorpion.
The scorpion is moderately wounded.
The scorpion stings you. The scorpion closely misses you.
The blast of sand hits the scorpion but does no damage.
The scorpion is moderately wounded.
The scorpion stings you! The scorpion stings you.
The blast of sand hits the scorpion but does no damage.
The scorpion is moderately wounded.
The scorpion stings you. x2
The blast of sand hits the scorpion.
The scorpion is moderately wounded.
The scorpion stings you. The scorpion closely misses you.
You barely miss the scorpion.
The scorpion is moderately wounded.
The scorpion stings you.
You are poisoned.
The scorpion poisons you!
You scratch the scorpion but do no damage.
The scorpion is moderately wounded.
You feel very sick. The scorpion stings you.
You closely miss the scorpion.
The scorpion is moderately wounded.
You feel very sick. The scorpion stings you.
* * * LOW HITPOINT WARNING * * *
You feel sick. The scorpion closely misses you.
You scratch the scorpion but do no damage.
The scorpion is moderately wounded.
You feel sick. The scorpion stings you.
* * * LOW HITPOINT WARNING * * *
You scratch the scorpion but do no damage.
The scorpion is moderately wounded.
You feel sick. The scorpion stings you.
You die...

#.............
#......†......
#.............
#.............
#....†........
#####.##.###..
#.# .#
######s##.#
#.....@...###..
#..............
#........###.. #
#........###...#
######.#<†......
#.#####.### #.#
#.# #.#


You could see a scorpion.

Vanquished Creatures
  A scorpion (D:3)
  5 adders (D:2)
  A ribbon worm (D:2)
  A dart slug (D:2)
  4 ball pythons
  2 bats
  2 endoplasms
  5 giant cockroaches
  6 hobgoblins
  4 jackals (D:1)
  2 kobolds (D:2)
  A quokka (D:2)
  A frilled lizard (D:1)
  6 goblins
  5 rats
46 creatures vanquished.

Notes
Turn   | Place    | Note
-------+----------+-------------------------------------------
     0 | D:1      | javelincjr the Troll Earth Elementalist began the quest for
                  | the Orb.
     0 | D:1      | Reached XP level 1. HP: 16/16 MP: 1/1
   197 | D:1      | Reached XP level 2. HP: 24/24 MP: 0/3
   289 | D:1      | Reached skill level 1 in Conjurations
  1399 | D:2      | Reached XP level 3. HP: 31/31 MP: 1/4
  1487 | D:2      | Reached skill level 3 in Earth Magic
  1823 | D:2      | Reached XP level 4. HP: 38/39 MP: 0/5
  1831 | D:2      | Found a hazy altar of Hepliaklqana.
  2475 | D:3      | Noticed a scorpion
  2498 | D:3      | Killed a scorpion
  2499 | D:3      | Reached XP level 5. HP: 6/45 MP: 0/7
  2602 | D:3      | Slain by a scorpion

Illustrated notes

Levels and vault maps discovered:
D:1:      nzn_arrival_depleted_hourglass, layout_basic, serial_forest,
          infiniplex_forest_end_2, infiniplex_forest_lined_2,
          infiniplex_forest_clump_tiny, infiniplex_forest_end_1,
          infiniplex_forest_clump_large, infiniplex_forest_fountain,
          infiniplex_forest_clump_small, infiniplex_forest_clump_large
D:2:      layout_basic, basic_altar
D:3:      minmay_roachtagon, layout_basic, gammafunk_ghost_split

Skill      XL: |  1  2  3  4 |
---------------+-------------+-----
Conjurations   | 1 |  1.5
Earth Magic    | 3 |  3.2
Dodging        | 2 |  2.2
Spellcasting   | 2 |  2.2
Stealth        | |  1.5

Action                     |  1- 3 |  4- 6 || total
---------------------------+-------+-------++-------
  Melee: Unarmed           |   319 |    26 ||   345
         Punch             |     5 |       ||     5
   Cast: Sandblast         |    37 |    20 ||    57
 Armour: Robe              |    58 |    29 ||    87
  Dodge: Dodged            |    33 |    17 ||    50

Table legend: (Time is in decaauts)
 A = Elapsed time spent in this place.
 B = Non-inter-level travel time spent in this place.
 C = Inter-level travel time spent in this place.
 D = Time resting spent in this place.
 E = Time spent auto-exploring this place.
 F = Levels seen in this place.
 G = Mean time per level.
                   A        B        C        D        E       F      G
               +--------+--------+--------+--------+--------+-----+--------+
         Total |   2630 |   2435 |    195 |     45 |   1826 |   3 |  876.7 |
       Dungeon |   2630 |   2435 |    195 |     45 |   1826 |   3 |  876.7 |
               +--------+--------+--------+--------+--------+-----+--------+

Top non-repeatable levels by time:
     D:1: 1313 daAuts
     D:2: 1182 daAuts
     D:3: 134 daAuts
